 Dungeon Crawl Stone Soup version 0.28.0-62-gf88900778d (webtiles) character file.

Game seed: 5180370574614419139

428 cbfl8 the Chopper (level 6, -11/53 HPs)
             Began as a Minotaur Fighter on Aug 26, 2023.
             Killed from afar by Ijyb (26 damage)
             ... with a bolt of acid
             ... on level 4 of the Dungeon.
             The game lasted 00:03:51 (4947 turns).

cbfl8 the Chopper (Minotaur Fighter)                Turns: 4947, Time: 00:03:52

Health: -11/53     AC:  0    Str: 20    XL:     6   Next: 65%
Magic:  5/5        EV:  9    Int:  5    God:
Gold:   195        SH:  5    Dex: 12    Spells: 5/5 levels left

rFire   . . .      SeeInvis .   a - +0 war axe
rCold   . . .      Faith    .   c - +0 buckler
rNeg    . . .      Spirit   .   b - +0 scale mail
rPois   .          Reflect  .   (helmet restricted)
rElec   .          Harm     .   (no cloak)
rCorr   .          Rampage  .   (no gloves)
Will    +....                   (no boots)
Stlth   ..........              (no amulet)
HPRegen 0.17/turn               f - ring of willpower
MPRegen 0.09/turn               (no ring)

@: mighty, corroded
A: horns 2, retaliatory headbutt
a: no special abilities


You were on level 4 of the Dungeon.
You visited 1 branch of the dungeon, and saw 4 of its levels.
You also visited: Sewer.

You collected 195 gold pieces.

Inventory:

Hand Weapons
 a - a +0 war axe (weapon)
Armour
 b - a +0 scale mail (worn)
 c - a +0 buckler (worn)
Jewellery
 f - a ring of willpower (left hand)
Scrolls
 h - 3 scrolls of magic mapping
 i - a scroll of fog
 j - a scroll of enchant weapon {unknown}
 k - 2 scrolls of teleportation {unknown}
 m - a scroll of enchant armour
 o - 2 scrolls of immolation {unknown}
 q - a scroll of brand weapon {unknown}
 s - a scroll of silence {unknown}
 t - a scroll of torment {unknown}
Potions
 e - 3 potions of lignification {unknown}
 g - 2 potions of brilliance {unknown}
 l - 3 potions of flight {unknown}
 n - a potion of curing {unknown}
 p - a potion of degeneration {unknown}
 r - a potion of heal wounds {unknown}


   Skills:
 + Level 4.7 Fighting
 + Level 5.6 Axes
 + Level 5.1 Armour
 + Level 4.5 Shields
 * Level 2.4 Evocations


You had 5 spell levels left.
You didn't know any spells.
Your spell library was empty.

Dungeon Overview and Level Annotations

Branches:
Dungeon (4/15)              Sewer (visited)
 Temple: D:4-7

Altars:

Annotations:
D:4 Dowan, Duvessa, Ijyb


Innate Abilities, Weirdness & Mutations

You have a pair of horns on your head.
You reflexively headbutt those who attack you in melee.


Message History

You closely miss Sigmund. You headbutt Sigmund.
Sigmund is moderately wounded.
Sigmund closely misses you.
You hit Sigmund. You headbutt Sigmund.
Sigmund is moderately wounded.
Sigmund hits you with a +0 scythe!
Unknown command.
You slash Sigmund! You headbutt Sigmund!
Sigmund is almost dead.
Sigmund closely misses you.
Unknown command.
You barely miss Sigmund.
Sigmund is almost dead.
You closely miss the goblin. You block Sigmund's attack.
The goblin hits you but does no damage.
Unknown command.
You slash Sigmund!
You kill Sigmund!
You closely miss the goblin.
Ijyb the Twisted Goblin comes into view.
She is wielding a +0 dagger and carrying a wand of acid (10).
The goblin hits you but does no damage.
Your Armour skill increases to level 5!
You hit the goblin. You headbutt the goblin.
You kill the goblin!
Unknown command.
Ijyb zaps a wand.
The bolt of acid hits you!! The acid corrodes you!
Things that are here:
a +0 club; a goblin corpse Unknown command.
Ijyb zaps a wand.
The bolt of acid hits you! The acid corrodes you!
You are too injured to fight recklessly!
You feel very mighty all of a sudden.
You closely miss Ijyb. You headbutt Ijyb!
Ijyb is moderately wounded.
Ijyb hits you with a +0 dagger.
* * * LOW HITPOINT WARNING * * *
You barely miss Ijyb.
Ijyb is moderately wounded.
Ijyb zaps a wand.
The bolt of acid hits you!!
You die...

#........# #.....<..#
######### #..).....#
#.......# #........#
#......)# #........#
#.......#####........#
#......).....#.#######
#......).....#.#
#...g@.......#.#
...............#.#
###............#.#
#............#.#
####'###.......# #.
#.###### #. .# #. .#


You could see Ijyb.

Vanquished Creatures
  Sigmund (D:4)
  A hound (D:3)
  Robin (D:3)
  7 adders
  4 gnolls
  A river rat (Sewer)
  5 worms
  4 dart slugs
  3 orcs
  12 ball pythons
  5 endoplasms
  2 giant cockroaches
  13 goblins
  10 hobgoblins
  2 jackals (D:3)
  5 quokkas
  2 bats
  6 frilled lizards
  5 kobolds
  12 rats
101 creatures vanquished.

Vanquished Creatures (others)
  5 fungi (D:1)
  A plant (D:1)
  2 toadstools (D:1)
8 creatures vanquished.

Grand Total: 109 creatures vanquished

Notes
Turn   | Place    | Note
-------+----------+-------------------------------------------
     0 | D:1      | cbfl8 the Minotaur Fighter began the quest for the Orb.
     0 | D:1      | Reached XP level 1. HP: 19/19 MP: 0/0
   161 | D:1      | Reached XP level 2. HP: 20/27 MP: 1/1
   851 | D:2      | Reached XP level 3. HP: 32/33 MP: 2/2
  1491 | D:2      | Reached skill level 1 in Evocations
  2152 | D:3      | Reached XP level 4. HP: 36/40 MP: 3/3
  2481 | D:3      | Noticed Robin
  2490 | D:3      | Killed Robin
  2753 | D:3      | Found a faded altar of an unknown god.
  3406 | D:3      | Reached XP level 5. HP: 22/46 MP: 4/4
  3428 | D:4      | Noticed Duvessa
  3428 | D:4      | Noticed Dowan
  3506 | D:4      | Found a glowing drain.
  3522 | Sewer    | Entered a sewer
  4444 | D:3      | Reached XP level 6. HP: 42/53 MP: 5/5
  4715 | D:3      | Reached skill level 5 in Axes
  4931 | D:4      | Noticed Sigmund
  4940 | D:4      | Killed Sigmund
  4940 | D:4      | Noticed Ijyb
  4941 | D:4      | Reached skill level 5 in Armour
  4947 | D:4      | Killed from afar by Ijyb

Illustrated notes

Levels and vault maps discovered:
D:1:      heliophobic_arrival_ceremonial_halls, layout_rooms, serial_forest,
          infiniplex_forest_corner_1, infiniplex_forest_lined_3,
          infiniplex_forest_diagonal, infiniplex_forest_clump_long,
          infiniplex_forest_clump_small, infiniplex_forest_clump_small,
          infiniplex_forest_end_2, infiniplex_forest_lined_4_way,
          minmay_gold_behind_fungi, minivault_14, minmay_tromino_v2
D:2:      layout_loops_corners, kennysheep_cross_bottleneck, glass_columns_a,
          kennysheep_another_room
D:3:      layout_basic, chequers_ecumenical_altar_lobes, st_stairs_8,
          hex_medium, minivault_19, uniq_robin
D:4:      layout_basic, general_overflow_altar, mainiacjoe_overflow_alcove_1,
          cheibrodos_sewer_entry_bend, kennysheep_flooded_box, uniq_duvessa,
          uniq_menkaure, uniq_sigmund, uniq_ijyb

Skill      XL: |  1  2  3  4  5  6 |
---------------+-------------------+-----
Shields        | 4 |  4.5
Fighting       | 4 |  4.7
Armour         | 4 5 |  5.1
Axes           | 3 4 5 |  5.6
Evocations     | 1 2 |  2.4

Action                   |  1- 3 |  4- 6 || total
-------------------------+-------+-------++-------
Melee: War axe           |   100 |   128 ||   228
       Headbutt          |    14 |    20 ||    34
  Use: Scroll            |     3 |     1 ||     4
       Potion            |       |     1 ||     1
Armor: Scale mail        |    35 |    60 ||    95
Dodge: Dodged            |    36 |    63 ||    99
Block: Buckler           |    23 |    37 ||    60
